 Dungeon Crawl Stone Soup version 0.21.1-1-g345015fe64 (webtiles) character file.

224 szakal1211 the Chopper (level 5, -3/70 HPs)
             Began as a Draconian Berserker on May 30, 2018.
             Was a Believer of Trog.
             Slain by an iguana (10 damage)
             ... on level 5 of the Dungeon.
             The game lasted 00:08:00 (3592 turns).

szakal1211 the Chopper (Draconian Berserker)        Turns: 3592, Time: 00:08:00

Health: -3/70      AC:  6    Str: 25    XL:     5   Next: 67%
Magic:  5/5        EV: 13    Int:  8    God:    Trog [**....]
Gold:   153        SH:  0    Dex: 10    Spells: 4/4 levels left

rFire    . . .     SeeInvis .   a - +0 hand axe
rCold    . . .     Gourm    .   (no shield)
rNeg     . . .     Faith    .   (armour unavailable)
rPois    .         Spirit   .   (helmet restricted)
rElec    .         Reflect  .   (no cloak)
rCorr    .         Harm     .   h - +0 pair of gloves
MR       .....                  (no boots)
Stlth    ..........             (no amulet)
HPRegen  0.21/turn              (no ring)
MPRegen  0.09/turn              (no ring)

@: berserking, very quick
A: unfitting armour, cold-blooded, AC +5
a: Berserk, Trog's Hand, Burn Spellbooks, Renounce Religion


You were on level 5 of the Dungeon.
You worshipped Trog.
Trog was pleased with you.
You were not hungry.

You visited 1 branch of the dungeon, and saw 5 of its levels.

You collected 153 gold pieces.

Inventory:

Hand Weapons
 a - a +0 hand axe (weapon)
Missiles
 c - a throwing net (quivered)
Armour
 h - a +0 pair of gloves (worn)
Wands
 i - a wand of iceblast (7)
Scrolls
 d - 8 scrolls of remove curse {unknown}
 f - 3 scrolls of identify {unknown}
 g - a scroll of noise {unknown}
Potions
 e - 4 potions of heal wounds {unknown}
Comestibles
 b - 3 rations


   Skills:
 + Level 4.3 Fighting
 + Level 4.8 Axes
 + Level 3.8 Dodging
 + Level 1.0 Stealth


You had 4 spell levels left.
You didn't know any spells.

Dungeon Overview and Level Annotations

Branches:
Dungeon (5/15)
 Temple: D:4-7

Altars:
Qazlal
Trog

Annotations:
D:4 Grinder


Innate Abilities, Weirdness & Mutations

Your plain brown scales are hard. (AC +5)
You cannot fit into any form of body armour.
You are cold-blooded and may be slowed by cold attacks.


Message History

You can't go up here!
The iguana closely misses you.
You climb downwards.
There is a stone staircase leading up here.
A red film seems to cover your vision as you go berserk!
You feel yourself moving faster!
You feel mighty!
You feel quite a bit more hungry. The iguana bites you.
* * * LOW HITPOINT WARNING * * *
You are too injured to fight recklessly!
You slash the iguana!
The iguana is heavily wounded.
The iguana bites you!
* * * LOW HITPOINT WARNING * * *
You hit the iguana.
The iguana is almost dead.
The iguana closely misses you.
You closely miss the iguana.
The iguana is almost dead.
The iguana bites you!
You die...

#####
#....
##..#
#@#
#l##
...
####


You could see an iguana.

Vanquished Creatures
  An orc priest (D:4)
  An orc wizard (D:3)
  Terence (D:2)
  A worker ant (D:3)
  5 adders
  2 oozes
  A worm (D:2)
  3 dart slugs
  A leopard gecko (D:1)
  6 orcs
  A ball python (D:4)
  4 goblins
  2 hobgoblins
  3 quokkas (D:3)
  8 bats
  4 frilled lizards
  5 kobolds
  6 rats
55 creatures vanquished.

Notes
Turn   | Place    | Note
-------+----------+-------------------------------------------
     0 | D:1      | szakal1211 the Draconian Berserker began the quest for the Orb.
     0 | D:1      | Reached XP level 1. HP: 19/19 MP: 1/1
   459 | D:1      | Reached XP level 2. HP: 24/26 MP: 2/2
  1214 | D:2      | Noticed Terence
  1229 | D:2      | Killed Terence
  1229 | D:2      | Reached XP level 3. HP: 23/33 MP: 3/3
  1557 | D:2      | Reached ** piety under Trog
  1557 | D:2      | Reached XP level 4. HP: 26/40 MP: 4/4
  2145 | D:3      | HP: 2/40 [orc wizard/magic dart (8)]
  2522 | D:3      | Reached XP level 5. HP: 46/46 MP: 5/5
  2543 | D:3      | Found a stormy altar of Qazlal.
  3404 | D:4      | Reached skill level 1 in Stealth
  3411 | D:4      | Found a bloodstained altar of Trog.
  3565 | D:4      | Noticed Grinder
  3584 | D:5      | Entered Level 5 of the Dungeon
  3592 | D:5      | Slain by an iguana

Skill      XL: |  1  2  3  4  5 |
---------------+----------------+-----
Dodging        | 3 |  3.8
Fighting       | 4 |  4.3
Axes           | 4 |  4.8
Stealth        | 1 |  1.0

Action                   |  1- 3 |  4- 6 || total
-------------------------+-------+-------++-------
Melee: Hand axe          |    80 |   113 ||   193
       Tailslap          |     4 |     6 ||    10
Throw: Throwing net      |     1 |       ||     1
Invok: Berserk           |     1 |     1 ||     2
 Stab: Sleeping          |     1 |     1 ||     2
  Eat: Chunk             |     2 |     1 ||     3
       Ration            |       |     2 ||     2
Armor: Skin              |    30 |    25 ||    55
Dodge: Dodged            |    63 |    84 ||   147
